 Dungeon Crawl Stone Soup version 0.29.1-12-g30fa7ad0bf (webtiles) character file.

Game seed: 10283609110065735008

907 hawla the Firebug (level 8, 0/59 HPs)
             Began as a Meteoran Fire Elementalist on Dec 25, 2022.
             Was an Initiate of Vehumet.
             Shot with a sling bullet by Joseph (24 damage)
             ... on level 7 of the Dungeon.
             The game lasted 00:08:53 (1587 turns).

hawla the Firebug (Meteoran Fire Elementalist)      Turns: 1587, Time: 00:08:54

Health: 0/59       AC:  3    Str: 10    XL:     8   Next: 55%
Magic:  17/17      EV: 14    Int: 19    God:    Vehumet [......]
Gold:   213        SH:  0    Dex: 17    Spells: 11/18 levels left

rFire   x . .      SeeInvis .   g - staff of death
rCold   + . .      Faith    .   (no shield)
rNeg    + . .      Spirit   .   a - +0 robe
rPois   +          Reflect  .   (no helmet)
rElec   .          Harm     .   (no cloak)
rCorr   .          Rampage  .   (no gloves)
Will    +....                   m - +0 pair of boots
Stlth   +.........              (no amulet)
HPRegen 0.19/turn               o - ring of Jaunith {Ice rPois Dex+3}
MPRegen 0.15/turn               (no ring)

@: glowing
A: sense surroundings 1, otherworldly, glowing, explore regen
a: Renounce Religion


You were on level 7 of the Dungeon.
You worshipped Vehumet.
Vehumet was noncommittal.
You visited 2 branches of the dungeon, and saw 8 of its levels.

You collected 213 gold pieces.

Inventory:

Armour
 a - a +0 robe (worn)
 m - a +0 pair of boots (worn)
Magical Staves
 g - a staff of death (weapon)
Jewellery
 o - the ring of Jaunith (left hand) {Ice rPois Dex+3}
   (You found it on level 7 of the Dungeon)

   [ring of ice]

   It enhances your ice magic.
   Dex:       It affects your dexterity (+3).
   rF:        It makes you vulnerable to fire.
   rC:        It protects you from cold.
   rPois:     It protects you from poison.
Scrolls
 e - 2 scrolls of magic mapping
 i - a scroll of teleportation {unknown}
 k - a scroll of noise {unknown}
 n - a scroll of fog {unknown}
Potions
 b - a potion of resistance {unknown}
 c - a potion of berserk rage
 f - a potion of haste
 h - a potion of experience {unknown}
 j - a potion of mutation
 l - a potion of brilliance {unknown}


   Skills:
 + Level 1.6 Fighting
 + Level 4.0 Dodging
 - Level 1.4 Stealth
 + Level 5.5 Spellcasting
 + Level 6.0 Conjurations
 + Level 2.0 Necromancy
 + Level 6.3 Fire Magic
 + Level 2.0 Evocations


You had 11 spell levels left.
You knew the following spells:

 Your Spells              Type           Power      Damage    Failure   Level
a - Foxfire               Conj/Fire      100%       2x1d9     1%          1
b - Scorch                Fire           58%        2d8       1%          2
c - Flame Wave            Conj/Fire      28%        2d9       10%         4

Your spell library contained the following spells:

 Spells                   Type           Power      Damage    Failure   Level
 Conjure Flame            Conj/Fire      28%        6-21      2%          3
 Inner Flame              Hex/Fire       17%        N/A       10%         3


Dungeon Overview and Level Annotations

Branches:
Dungeon (7/15) Zot: 2791   Temple (1/1) D:4 Zot: 382

Altars:
Ashenzari
Cheibriados
Dithmenos
Fedhas
Gozag
Makhleb
Nemelex Xobeh
Qazlal
Trog
Uskayaw
Vehumet
Xom
Yredelemnul

Annotations:
D:7 Joseph


Innate Abilities, Weirdness & Mutations

You passively map a small area around you.
You are easily found by Zot.
You glow in the dark.
You regain HP and MP as you explore.


Message History

You kill the orc!
Vehumet accepts your kill.
Magic restored.
You see here a +0 whip.
You see here a +0 whip.
Found 8 stones.
A white imp comes into view.
The white imp shouts!
You hear a shout!
You hear a bark!
A hound comes into view.
Casting: Scorch (safe; 1% risk of failure)
Confirm with . or Enter, or press ? or * to list all spells.
You conjure some foxfire!
Casting: Foxfire (safe; 1% risk of failure)
Confirm with . or Enter, or press ? or * to list all spells.
You conjure some foxfire!
The foxfire hits the white imp!
The white imp is burned terribly!
You kill the white imp!
Vehumet accepts your kill.
The foxfire hits the hound!
The hound is moderately wounded.
Joseph, a Mercenary comes into view.
He is wielding a +2 quarterstaff of holy wrath.
The foxfire hits the hound.
The hound is severely wounded.
The foxfire hits the hound.
You kill the hound!
Vehumet accepts your kill.
Joseph unwields a +2 quarterstaff of holy wrath.
It stops glowing.
Joseph wields a +3 sling of flaming.
It bursts into flame!
Joseph shoots a sling bullet.
The sling bullet closely misses you.
Your Conjurations skill increases to level 6!
You aren't carrying any items that you can evoke.
Joseph shoots a sling bullet.
The sling bullet hits you!! The sling bullet burns you!
You feel much better.
Joseph shoots a sling bullet.
The sling bullet hits you! The sling bullet burns you!
As you read the scroll labelled SYEVOGHA BUNUA, it crumbles to dust.
You feel aware of your surroundings.
You sensed 1 shop/portal.
It was a scroll of magic mapping.
Joseph shoots a sling bullet.
The sling bullet hits you!!
You die...

*,,,,,,,,**,,,,,,,,,,,,*
*,,,,...##**,,#,,,,,,,,*
*,,,,,...##*,.#,,,,,,,,**
*,,,,,....##..#*,,,,,,,**
*,,,,*,....#..##,,,,,,*,,
**,****........#*,,,,,,,, ***
###.......#*,,,,,,,,
###.........#*,,,,,,,,
###....@.......,,,,,,,,,
###..............,,,,,,,**
###..........†.....,,,,,,**
###................@.,,,,***
####.....(..##..........,,,**
#........#########......,,**
.......### *......,,*
....#### *......,,** ..###
***,,,,,,,,,**


You could see Joseph.

Vanquished Creatures
  A troll (D:6)
  An ogre (D:6)
  A centaur (D:6)
  4 killer bees (D:6)
  A howler monkey (D:6)
  3 hounds
  An orc priest (D:4)
  Jessica (D:3)
  7 gnolls
  6 adders
  2 white imps
  A worm (D:4)
  A dart slug (D:1)
  11 orcs
  2 ball pythons (D:3)
  2 bats (D:3)
  An endoplasm (D:1)
  2 giant cockroaches
  6 hobgoblins
  A quokka (D:4)
  A frilled lizard (D:1)
  2 kobolds
  2 rats (D:1)
60 creatures vanquished.

Vanquished Creatures (others)
  115 foxfires
115 creatures vanquished.

Grand Total: 175 creatures vanquished

Notes
Turn   | Place    | Note
-------+----------+-------------------------------------------
     0 | D:1      | hawla the Meteoran Fire Elementalist began the quest for
                  | the Orb.
     0 | D:1      | Reached XP level 1. HP: 14/14 MP: 5/5
     6 | D:1      | Noticed a black mamba
     6 | D:1      | Noticed a black bear
     6 | D:1      | Noticed a six-headed hydra
    58 | D:1      | Reached XP level 2. HP: 20/20 MP: 1/6
    63 | D:1      | Learned a level 2 spell: Scorch
   221 | D:3      | Reached XP level 3. HP: 26/26 MP: 6/8
   339 | D:3      | Noticed Jessica
   341 | D:3      | Killed Jessica
   342 | D:3      | Reached XP level 4. HP: 30/33 MP: 6/10
   459 | D:3      | Reached XP level 5. HP: 35/38 MP: 6/11
   481 | D:3      | Reached skill level 5 in Fire Magic
   517 | D:4      | Learned a level 4 spell: Flame Wave
   524 | D:4      | Found a staircase to the Ecumenical Temple.
   617 | D:4      | Reached XP level 6. HP: 24/46 MP: 1/13
   711 | Temple   | Entered the Ecumenical Temple
   994 | D:4      | Identified the +7 shortbow of Sooblor {freeze, *Slow rCorr
                  | Str+8 Int-5}
  1050 | D:4      | Found a blossoming altar of Fedhas.
  1058 | D:4      | Found a radiant altar of Vehumet.
  1062 | D:4      | Became a worshipper of Vehumet
  1111 | D:5      | Entered Level 5 of the Dungeon
  1126 | D:6      | Reached skill level 5 in Conjurations
  1128 | D:6      | Reached XP level 7. HP: 6/51 MP: 2/14
  1138 | D:6      | Reached skill level 1 in Fighting
  1185 | D:6      | Reached XP level 8. HP: 59/59 MP: 11/16
  1252 | D:6      | Noticed a troll
  1257 | D:6      | Killed a troll
  1258 | D:6      | Reached skill level 5 in Spellcasting
  1459 | D:7      | Identified the ring of Jaunith {Ice rPois Dex+3}
  1583 | D:7      | Noticed Joseph
  1587 | D:7      | Shot with a sling bullet by Joseph

Illustrated notes

Levels and vault maps discovered:
D:1:      onia_arrival_zoo_common, layout_basic, chequers_serial_rivers_micro_e
D:2:      layout_loops_ring, uniq_sigmund
D:3:      layout_loops_cross, uniq_jessica
D:4:      layout_rooms, grunt_temple_overflow_octagram,
          minmay_temple_entry_trees
D:5:      layout_cave_pods, serial_rivers, chequers_serial_rivers_micro_a,
          chequers_serial_rivers_micro_c, chequers_serial_rivers_small_b,
          chequers_serial_rivers_small_b, chequers_serial_rivers_micro_b
D:6:      layout_rooms
D:7:      layout_cave_pods, serial_shops, shop, uniq_joseph
Temple:   chequers_temple_sunken

Skill      XL: |  1  2  3  4  5  6  7  8 |
---------------+-------------------------+-----
Dodging        | 3 4 |  4.0
Spellcasting   | 3 4 5 |  5.5
Fire Magic     | 4 5 6 |  6.3
Conjurations   | 2 3 5 6 |  6.0
Fighting       | 1 |  1.6
Necromancy     | 2 |  2.0
Evocations     | 2 |  2.0
Stealth        | |  1.4

Action                   |  1- 3 |  4- 6 |  7- 9 || total
-------------------------+-------+-------+-------++-------
Melee: Unarmed           |    18 |     8 |       ||    26
       Staff             |       |     2 |     7 ||     9
 Cast: Foxfire           |    21 |    32 |    11 ||    64
       Scorch            |     5 |    12 |     7 ||    24
       Flame Wave        |       |     7 |     2 ||     9
  Use: Scroll            |       |     4 |     1 ||     5
       Potion            |       |       |     4 ||     4
Armor: Robe              |     5 |     8 |     2 ||    15
Dodge: Dodged            |    11 |    30 |    17 ||    58
